 Dungeon Sprint DCSS version 0.17-a0-1655-g88a8506 (webtiles) character file.

39698 Kidiri the Imperceptible (level 13, 0/53 (55) HPs)
             Began as a Spriggan Enchanter on Aug 15, 2015.
             Was the Champion of Dithmenos.
             Engulfed by a cloud of flame (14 damage)
             ... in the Dungeon (Sprint III: "The Ten Rune Challenge").
             The game lasted 00:23:05 (5309 turns).

Kidiri the Imperceptible (Spriggan Enchanter)       Turns: 5309, Time: 00:23:06

HP:   0/53 (55)     AC:  3    Str:  4    XL:     13   Next: 0%
MP:   35/35         EV: 36    Int: 19    God:    Dithmenos [******]
Gold: 45            SH:  0    Dex: 19    Spells: 9 memorised, 19 levels left

rFire  . . .     SeeInvis +     c - +3 dagger
rCold  . . .     Clarity  .     b - +1 robe
rNeg   . . .     SustAt   .     (shield restricted)
rPois  .         Gourm    .     w - +0 hat {MR+}
rElec  .         Spirit   .     (no cloak)
rCorr  .         Warding  .     (gloves unavailable)
rMut   .         NoTele   +     (boots unavailable)
MR     +++..                    (no amulet)
Stlth  ++++++++++               (no ring)
                                (no ring)

@: wreathed by umbra, very quick, extremely resistant to hostile enchantments,
uncannily stealthy
A: unfitting armour, see invisible, herbivore 3, speed 3, slow metabolism 2,
MP-powered wands
a: Shadow Step, Shadow Form, Renounce Religion
}: 1/10 runes: barnacled


You were in the Dungeon.
You worshipped Dithmenos.
Dithmenos was exalted by your worship.
You were not hungry.

You visited 1 branch You collected 45 gold pieces.

Inventory:

Hand weapons
 c - a +3 dagger (weapon)
Missiles
 l - 9 throwing nets (quivered)
Armour
 b - a +1 robe (worn)
 w - a +0 hat of magic resistance (worn)
 x - a fire dragon hide
Magical devices
 v - a wand of magic darts (27)
Scrolls
 j - a scroll of blinking
 k - 4 scrolls of remove curse
 m - a scroll of holy word
 r - a scroll of immolation {unknown}
Potions
 a - 2 potions of might
 e - 3 potions of curing
 f - a potion of heal wounds
 g - 2 potions of haste
 h - 2 potions of magic
 i - 3 potions of berserk rage
 o - a potion of ambrosia {unknown}
 p - 2 potions of cure mutation {unknown}
 q - 3 potions of flight
 t - 2 potions of degeneration {unknown}
 u - a potion of invisibility {unknown}
Comestibles
 d - a bread ration
 n - 6 fruits
 s - 27 royal jellies


   Skills:
 + Level 11.8 Short Blades
 * Level 19.9 Dodging
 * Level 21.4 Stealth
 * Level 17.2 Spellcasting
 + Level 8.2 Conjurations
 + Level 13.2 Hexes
 + Level 12.6 Charms
 + Level 9.1 Ice Magic
 - Level 3.4 Invocations


You had 19 spell levels left.
You knew the following spells:

 Your Spells              Type           Power        Failure   Level  Hunger
a - Corona                Hex            ######.      0%          1    None
b - Ensorcelled Hibernat  Hex/Ice        ######       1%          2    None
c - Confuse               Hex            ######..     1%          3    None
d - Tukima's Dance        Hex            ######..     1%          3    None
e - Dazzling Spray        Conj/Hex       ######..     1%          3    None
f - Searing Ray           Conj           #####.       1%          2    None
g - Fulminant Prism       Conj/Hex       ######....   1%          4    None
h - Iskenderun's Mystic   Conj           #####...     1%          4    None
i - Iskenderun's Battles  Conj/Chrm      ######..     1%          5    ###....


Dungeon Overview and Level Annotations

Branches:
Dungeon (1/1)

Altars:
Cheibriados
Dithmenos
Elyvilon
Fedhas
Gozag
Kikubaaqudgha
Makhleb
Nemelex Xobeh
Okawaru
Qazlal
Ru
Sif Muna
Trog
Vehumet
Xom
Yredelemnul
Zin
The Shining One
Jiyva
Lugonu

Shops:
D ?:[[!=

Annotations:
D Xtahua


Innate Abilities, Weirdness & Mutations

You are tiny and cannot use many weapons and most armour.
You have supernaturally acute eyesight.
You are a herbivore.
You cover ground extremely quickly.
You need consume almost no food.
You expend magic power (3 MP) to strengthen your wands.


Message History

You start waiting.
Done waiting.
Really walk into a travel-excluded area?
You enter the shallow water.
Moving in this stuff is going to be slow.
You enter the shallow water.
Moving in this stuff is going to be slow.
You are engulfed in a cloud of scalding steam.
You enter the shallow water.
Moving in this stuff is going to be slow.
You are engulfed in roaring flames.
You emit a cloud of dark smoke.
Why would you want to do that? Why would you want to do that?
You are engulfed in a cloud of scalding steam.
You emit a cloud of dark smoke.
You are engulfed in roaring flames.
* * * LOW HITPOINT WARNING * * *
Unknown command.
You are engulfed in roaring flames.
You die...

≈≈≈≈≈≈▓ ♣.♣♣
≈≈≈≈≈≈▓ ♣.♣♣
≈≈≈≈≈≈▓ ♣..♣
≈≈≈≈≈≈▓
♣♣.♣♣ ♣♣
≈≈≈≈≈≈▓ ♣♣.♣
.♣ ≈≈≈≈≈≈▓
♣♣.≈♣♣♣♣♣♣.♣
≈≈≈≈≈≈▓
♣...§§§§§≈≈♣
≈≈≈≈≈≈▓
♣...§§§§§≈≈♣
.%.≈≈≈▓
♣.♣.≈§§§@≈.♣
.∩..≈≈▓
♣♣♣♣♣♣♣♣§∩∩♣
▓▓▓▓▓▓▓
♣♣♣♣♣


There were no monsters in sight!

Vanquished Creatures
  Rupert (D)
  A kraken (D)
  Gastronok (D)
  Maud (D)
  2 dire elephants (D)
  2 hydras (D)
  2 fire dragons (D)
  Erolcha (D)
  2 alligator snapping turtles (D)
  4 death yaks (D)
  A spriggan druid (D)
  A death drake (D)
  A lindwurm (D)
  2 black mambas (D)
  2 elephants (D)
  2 spiny frogs (D)
  A queen bee (D)
  A komodo dragon (D)
  A fire drake (D)
  3 wandering mushrooms (D)
  A deep elf priest (D)
  8 blink frogs (D)
  4 redbacks (D)
  2 trapdoor spiders (D)
  A shadow (D)
  4 snapping turtles (D)
  2 spriggans (D)
  A spatial vortex (D)
  2 hill giants (D)
  A necrophage (D)
  A swamp drake (D)
  2 brain worms (D)
  3 two-headed ogres (D)
  A water elemental (D)
  A scorpion (D)
  32 killer bees (D)
  An electric eel (D)
  A jelly (D)
  Jessica (D)
  A necromancer (D)
  A wizard (D)
  3 humans (D)
  A kobold demonologist (D)
  An ooze (D)
  2 rats (D)
110 creatures vanquished.

Vanquished Creatures (others)
  2 draconian scorchers (D)
  A hydra (D)
  2 fire drakes (D)
  3 yaktaurs (D)
  3 fulminant prisms (D)
  A fungus (D)
  12 plants (D)
  9 tentacles (D)
  412 tentacle segments (D)
445 creatures vanquished.

Grand Total: 555 creatures vanquished

Notes
Turn   | Place    | Note
--------------------------------------------------------------
     0 | D        | Kidiri the Spriggan Enchanter began the quest for the Orb.
     0 | D        | Reached XP level 1. HP: 9/9 MP: 5/5
    11 | D        | Reached skill level 5 in Stealth
   197 | D        | Killed a white draconian scorcher
   233 | D        | Killed a white draconian scorcher
   252 | D        | Noticed Jessica
   271 | D        | Killed a yaktaur
   272 | D        | Killed Jessica
   272 | D        | Reached skill level 5 in Dodging
   272 | D        | Reached skill level 6 in Stealth
   272 | D        | Reached XP level 2. HP: 7/13 MP: 5/8
   272 | D        | Reached XP level 3. HP: 8/16 MP: 5/9
   281 | D        | Learned a level 2 spell: Ensorcelled Hibernation
   285 | D        | Learned a level 3 spell: Confuse
   289 | D        | Learned a level 3 spell: Tukima's Dance
   416 | D        | Killed a fire drake
   473 | D        | Noticed a scorpion
   480 | D        | Killed a scorpion
   480 | D        | Reached skill level 7 in Dodging
   480 | D        | Reached skill level 8 in Stealth
   480 | D        | Reached skill level 5 in Spellcasting
   480 | D        | Reached skill level 5 in Hexes
   480 | D        | Reached skill level 1 in Ice Magic
   480 | D        | Reached XP level 4. HP: 21/21 MP: 10/12
   485 | D        | Learned a level 3 spell: Dazzling Spray
   503 | D        | Gained mutation: You are dopey. (Int -2) [potion of mutation]
   503 | D        | Lost mutation: You are dopey. (Int -2) [potion of mutation]
   503 | D        | Gained mutation: You expend magic power (3 MP) to strengthen your wands. [potion of mutation]
   504 | D        | Gained mutation: You are agile. (Dex +2) [potion of mutation]
   504 | D        | Lost mutation: You are agile. (Dex +2) [potion of mutation]
   523 | D        | Noticed a water elemental
   526 | D        | Killed a water elemental
   526 | D        | Reached skill level 9 in Stealth
   526 | D        | Reached XP level 5. HP: 24/24 MP: 12/14
   540 | D        | Noticed a jelly
   541 | D        | Noticed a shadow
   543 | D        | Killed a shadow
   543 | D        | Reached skill level 10 in Stealth
   543 | D        | Reached XP level 6. HP: 28/28 MP: 13/17
   547 | D        | Killed a jelly
   552 | D        | Found a stormy altar of Qazlal.
   553 | D        | Found a sacrificial altar of Ru.
   553 | D        | Found a burning altar of Makhleb.
   553 | D        | Found a viscous altar of Jiyva.
   553 | D        | Found a shimmering altar of Xom.
   553 | D        | Found a shadowy altar of Dithmenos.
   553 | D        | Found a sparkling altar of Nemelex Xobeh.
   553 | D        | Found a corrupted altar of Lugonu.
   553 | D        | Found an opulent altar of Gozag.
   553 | D        | Noticed a spatial vortex
   557 | D        | Became a worshipper of Dithmenos the Shadowed
   582 | D        | Killed a spatial vortex
   582 | D        | Reached skill level 5 in Short Blades
   582 | D        | Reached skill level 10 in Dodging
   582 | D        | Reached skill level 11 in Stealth
   582 | D        | Reached skill level 1 in Invocations
   762 | D        | Found a radiant altar of Vehumet.
   763 | D        | Found a deep blue altar of Sif Muna.
   763 | D        | Found an ancient bone altar of Kikubaaqudgha.
   763 | D        | Noticed a wizard
   764 | D        | Killed a wizard
   779 | D        | Learned a level 2 spell: Searing Ray
   784 | D        | Learned a level 4 spell: Fulminant Prism
   789 | D        | Learned a level 4 spell: Iskenderun's Mystic Blast
   799 | D        | Found a glowing silver altar of Zin.
   800 | D        | Found a glowing golden altar of the Shining One.
   800 | D        | Found a white marble altar of Elyvilon.
   800 | D        | Noticed a deep elf priest
   804 | D        | Killed a deep elf priest
   804 | D        | Reached skill level 12 in Stealth
   804 | D        | Reached XP level 7. HP: 18/32 MP: 16/20
   838 | D        | Killed a yaktaur
   946 | D        | Found an iron altar of Okawaru.
   947 | D        | Found a bloodstained altar of Trog.
   947 | D        | Noticed a human
   947 | D        | Noticed a human
   949 | D        | Killed a human
   950 | D        | Killed a human
   950 | D        | Reached XP level 8. HP: 36/36 MP: 20/22
   967 | D        | Found a snail-covered altar of Cheibriados.
   967 | D        | Noticed a necrophage
   969 | D        | Noticed a necromancer
   975 | D        | Killed a necrophage
   975 | D        | Acquired Dithmenos's first power
   975 | D        | Reached skill level 10 in Spellcasting
   985 | D        | Killed a necromancer
   986 | D        | Found a basalt altar of Yredelemnul.
   986 | D        | Found a blossoming altar of Fedhas.
  1104 | D        | Learned a level 5 spell: Iskenderun's Battlesphere
  1124 | D        | Killed a fire drake
  1147 | D        | Noticed a two-headed ogre
  1147 | D        | Noticed a two-headed ogre
  1151 | D        | Killed a two-headed ogre
  1153 | D        | Killed a two-headed ogre
  1153 | D        | Reached skill level 13 in Stealth
  1156 | D        | Noticed a two-headed ogre
  1159 | D        | Killed a two-headed ogre
  1159 | D        | Acquired Dithmenos's second power
  1159 | D        | Reached skill level 1 in Charms
  1289 | D        | Noticed a hill giant
  1292 | D        | Killed a hill giant
  1298 | D        | Noticed a hill giant
  1298 | D        | Noticed Erolcha
  1301 | D        | Killed Erolcha
  1301 | D        | Reached skill level 14 in Stealth
  1301 | D        | Reached XP level 9. HP: 37/37 MP: 19/25
  1303 | D        | Killed a hill giant
  1303 | D        | Reached skill level 5 in Ice Magic
  1304 | D        | Noticed a redback
  1344 | D        | Noticed a trapdoor spider
  1345 | D        | Noticed a trapdoor spider
  1351 | D        | Killed a trapdoor spider
  1353 | D        | Killed a redback
  1481 | D        | Killed a trapdoor spider
  1481 | D        | Acquired Dithmenos's third power
  1481 | D        | Reached skill level 5 in Charms
  1989 | D        | Noticed a killer bee
  1989 | D        | Noticed a killer bee
  1989 | D        | Noticed a killer bee
  1989 | D        | Noticed a killer bee
  1989 | D        | Noticed a killer bee
  1989 | D        | Noticed a killer bee
  1989 | D        | Noticed a killer bee
  1989 | D        | Noticed a killer bee
  1989 | D        | Noticed a killer bee
  1989 | D        | Noticed a killer bee
  1989 | D        | Noticed a killer bee
  1989 | D        | Noticed a killer bee
  1989 | D        | Noticed a killer bee
  1989 | D        | Noticed a killer bee
  1989 | D        | Noticed a killer bee
  1990 | D        | Killed a killer bee
  1991 | D        | Noticed a killer bee
  1992 | D        | Noticed a killer bee
  1993 | D        | Noticed a killer bee
  1993 | D        | Noticed a killer bee
  1993 | D        | Noticed a killer bee
  1993 | D        | Noticed a killer bee
  1993 | D        | Killed a killer bee
  1994 | D        | Noticed a killer bee
  1994 | D        | Noticed a killer bee
  1995 | D        | Noticed a killer bee
  1995 | D        | Noticed a killer bee
  1995 | D        | Noticed a killer bee
  1995 | D        | Killed a killer bee
  1997 | D        | Killed a killer bee
  1998 | D        | Noticed a killer bee
  1999 | D        | Killed a killer bee
  2001 | D        | Noticed a killer bee
  2001 | D        | Killed a killer bee
  2001 | D        | Reached skill level 15 in Stealth
  2002 | D        | Noticed a killer bee
  2003 | D        | Killed a killer bee
  2003 | D        | Acquired Dithmenos's fourth power
  2005 | D        | Noticed a killer bee
  2005 | D        | Killed a killer bee
  2007 | D        | Noticed a killer bee
  2007 | D        | Killed a killer bee
  2009 | D        | Killed a killer bee
  2011 | D        | Noticed a queen bee
  2011 | D        | Killed a killer bee
  2226 | D        | Noticed a killer bee
  2228 | D        | Killed a killer bee
  2232 | D        | Killed a killer bee
  2236 | D        | Killed a killer bee
  2238 | D        | Killed a killer bee
  2240 | D        | Killed a killer bee
  2242 | D        | Killed a killer bee
  2244 | D        | Killed a killer bee
  2340 | D        | Killed a killer bee
  2343 | D        | Killed a killer bee
  2345 | D        | Killed a killer bee
  2347 | D        | Killed a killer bee
  2349 | D        | Killed a killer bee
  2351 | D        | Killed a killer bee
  2361 | D        | Killed a killer bee
  2375 | D        | Killed a killer bee
  2378 | D        | Killed a killer bee
  2378 | D        | Reached XP level 10. HP: 39/42 MP: 1/27
  2620 | D        | Killed a killer bee
  2629 | D        | Killed a killer bee
  2636 | D        | Killed a killer bee
  2641 | D        | Killed a queen bee
  2641 | D        | Reached skill level 5 in Conjurations
  2644 | D        | Killed a killer bee
  2647 | D        | Killed a killer bee
  2647 | D        | Reached skill level 16 in Stealth
  2845 | D        | Noticed a wandering mushroom
  2846 | D        | Noticed a wandering mushroom
  2846 | D        | Noticed a wandering mushroom
  2847 | D        | Killed a wandering mushroom
  2849 | D        | Killed a wandering mushroom
  2850 | D        | Killed a wandering mushroom
  2850 | D        | Reached skill level 15 in Dodging
  2892 | D        | Noticed a spiny frog
  2892 | D        | Noticed a komodo dragon
  2892 | D        | Noticed a spiny frog
  2895 | D        | Killed a spiny frog
  2895 | D        | Reached skill level 10 in Hexes
  2897 | D        | Killed a spiny frog
  2899 | D        | Killed a komodo dragon
  2929 | D        | Noticed a redback
  2931 | D        | Killed a redback
  2932 | D        | Noticed a brain worm
  2936 | D        | Killed a brain worm
  2942 | D        | Noticed a brain worm
  2945 | D        | Killed a brain worm
  2952 | D        | Noticed a lindwurm
  2954 | D        | Noticed a redback
  2955 | D        | Killed a lindwurm
  2955 | D        | Reached skill level 17 in Stealth
  2957 | D        | Killed a redback
  2962 | D        | Noticed a redback
  2963 | D        | Killed a redback
  2964 | D        | Noticed Maud
  2966 | D        | Killed Maud
  2966 | D        | Reached XP level 11. HP: 45/45 MP: 29/29
  2971 | D        | Noticed an electric eel
  2972 | D        | Noticed a four-headed hydra
  2972 | D        | Noticed an eight-headed hydra
  2973 | D        | Killed an electric eel
  2978 | D        | Killed an eight-headed hydra
  2981 | D        | Killed a four-headed hydra
  2981 | D        | Reached skill level 18 in Stealth
  3032 | D        | Noticed a death drake
  3035 | D        | Killed a death drake
  3042 | D        | Found a blossoming altar of Fedhas.
  3042 | D        | Noticed a spriggan
  3042 | D        | Noticed a spriggan druid
  3042 | D        | Noticed a spriggan
  3044 | D        | Killed a spriggan druid
  3046 | D        | Killed a spriggan
  3049 | D        | Killed a spriggan
  3049 | D        | Reached skill level 10 in Short Blades
  3115 | D        | Found Odeelul's Antique Armour Emporium.
  3115 | D        | Found Qafam's Distillery.
  3115 | D        | Found Joynan's Jewellery Shoppe.
  3173 | D        | Noticed a swamp drake
  3173 | D        | Noticed a fire drake
  3174 | D        | Killed a fire drake
  3176 | D        | Killed a swamp drake
  3186 | D        | Noticed a blink frog
  3187 | D        | Noticed a blink frog
  3187 | D        | Noticed a blink frog
  3187 | D        | Noticed a blink frog
  3187 | D        | Noticed a blink frog
  3188 | D        | Killed a blink frog
  3190 | D        | Killed a blink frog
  3192 | D        | Killed a blink frog
  3192 | D        | Reached skill level 10 in Charms
  3195 | D        | Killed a blink frog
  3202 | D        | Killed a blink frog
  3282 | D        | Noticed Rupert
  3296 | D        | Killed Rupert
  3296 | D        | Reached skill level 19 in Stealth
  3296 | D        | Reached skill level 15 in Spellcasting
  3439 | D        | Noticed a death yak
  3440 | D        | Noticed a death yak
  3440 | D        | Noticed a blink frog
  3441 | D        | Noticed a death yak
  3442 | D        | Noticed a blink frog
  3456 | D        | Killed a death yak
  3458 | D        | Killed a death yak
  3458 | D        | Reached XP level 12. HP: 49/49 MP: 25/32
  3463 | D        | Noticed a death yak
  3465 | D        | Noticed a blink frog
  3467 | D        | Noticed a black mamba
  3468 | D        | Killed a death yak
  3475 | D        | Noticed a black mamba
  3635 | D        | Killed a blink frog
  3642 | D        | Killed a blink frog
  3654 | D        | Killed a death yak
  3658 | D        | Killed a black mamba
  3672 | D        | Killed a blink frog
  3818 | D        | Killed a yaktaur
  3876 | D        | Killed a black mamba
  4090 | D        | Noticed an azure jelly
  4090 | D        | Noticed an azure jelly
  4102 | D        | Noticed a snapping turtle
  4103 | D        | Noticed a kraken
  4104 | D        | Killed a snapping turtle
  4104 | D        | Reached skill level 20 in Stealth
  4323 | D        | Noticed an alligator snapping turtle
  4323 | D        | Noticed a snapping turtle
  4329 | D        | Found Upyacuir's Antique Armour Shop.
  4329 | D        | Found Ropsot's Book Boutique.
  4329 | D        | Found Veaf's Magic Scroll Shoppe.
  4329 | D        | Noticed an alligator snapping turtle
  4329 | D        | Noticed a snapping turtle
  4564 | D        | Noticed a snapping turtle
  4574 | D        | Killed a snapping turtle
  4577 | D        | Killed a kraken
  4579 | D        | Killed a snapping turtle
  4581 | D        | Killed an alligator snapping turtle
  4583 | D        | Killed an alligator snapping turtle
  4587 | D        | Killed a snapping turtle
  4591 | D        | Got a barnacled rune of Zot
  4708 | D        | Noticed an azure jelly
  4708 | D        | Noticed an azure jelly
  4709 | D        | Noticed an elephant
  4709 | D        | Noticed an elephant
  4709 | D        | Noticed a dire elephant
  4709 | D        | Noticed a dire elephant
  4709 | D        | Noticed Gastronok
  4711 | D        | Killed Gastronok
  4712 | D        | Killed a dire elephant
  4724 | D        | Killed a dire elephant
  4724 | D        | Reached skill level 21 in Stealth
  4725 | D        | Killed an elephant
  4736 | D        | Killed an elephant
  4937 | D        | Noticed a fire dragon
  4940 | D        | Killed a fire dragon
  4943 | D        | Noticed a fire dragon
  5051 | D        | Killed a fire dragon
  5051 | D        | Reached XP level 13. HP: 31/53 MP: 25/35
  5122 | D        | Noticed Xtahua
  5209 | D        | Killed a seven-headed hydra
  5309 | D        | Engulfed by a cloud of flame

Vault maps used:
D:        dungeon_sprint_mu

Action                   |  1- 3 |  4- 6 |  7- 9 | 10-12 | 13-15 || total
-------------------------+-------+-------+-------+-------+-------++-------
Melee: Dagger            |    29 |    19 |    79 |   100 |       ||   227
Throw: Throwing net      |       |       |       |     4 |       ||     4
 Cast: Corona            |     1 |       |       |       |       ||     1
       Dazzling Spray    |       |     5 |       |    26 |     1 ||    32
       Ensorcelled Hiber |       |     1 |    41 |    35 |       ||    77
       Confuse           |       |       |     6 |     3 |       ||     9
       Fulminant Prism   |       |       |     2 |     1 |       ||     3
       Searing Ray       |       |       |     1 |     3 |       ||     4
       Iskenderun's Myst |       |       |       |     1 |       ||     1
Invok: Shadow Step       |       |       |     1 |    13 |       ||    14
  Use: Scroll            |       |     3 |       |       |       ||     3
       Potion            |       |     2 |       |       |       ||     2
 Stab: Sleeping          |     2 |     6 |    32 |    42 |       ||    82
       Confused          |       |       |     3 |     4 |       ||     7
       Held in net/web   |       |       |       |     3 |       ||     3
       Invisible         |       |       |       |     7 |       ||     7
  Eat: Fruit             |       |       |       |     3 |       ||     3
